 Dungeon Crawl Stone Soup version 0.29.0-4-gdea44cf6ec (webtiles) character file.

Game seed: 11745644419899414535

27 qw the Sneak (level 2, -4/14 HPs)
             Began as a Felid Delver on Aug 27, 2022.
             Slain by an orc
             ... wielding a +0 mace
              (6 damage)
             ... on level 3 of the Dungeon.
             The game lasted 00:00:04 (731 turns).

qw the Sneak (Felid Delver)                          Turns: 731, Time: 00:00:05

Health: -4/14      AC:  1    Str:  8    XL:     2   Next: 93%
Magic:  3/3        EV: 18    Int: 11    God:
Gold:   29         SH:  0    Dex: 17    Spells: 1/1 levels left
                                        Lives:  0   Deaths: 0

rFire   . . .      SeeInvis +     - Unarmed
rCold   . . .      Faith    .   (shield unavailable)
rNeg    . . .      Spirit   .   (body armour unavailable)
rPois   .          Reflect  .   (helmet unavailable)
rElec   .          Harm     .   (cloak unavailable)
rCorr   .          Rampage  .   (gloves unavailable)
Will    .....                   (boots unavailable)
Stlth   +++.......              (no amulet)
HPRegen 0.04/turn               (no ring)
MPRegen 0.08/turn               (no ring)

@: quick
A: very small, claws 1, fangs 3, see invisible, speed 1, shaggy fur 1, stealthy
paws, no weapons or thrown items, no armour, multi-lived
a: no special abilities


You were on level 3 of the Dungeon.
You visited 1 branch of the dungeon, and saw 3 of its levels.

You collected 29 gold pieces.


Innate Abilities, Weirdness & Mutations

You have sharp claws.
You have razor-sharp teeth.
You have supernaturally acute eyesight. (SInv)
You cover ground quickly. (Speed+)
You are covered in fur. (AC +1)
Your paws help you pounce on unaware monsters.
You are incapable of wielding weapons or throwing items.
You cannot wear armour.
You gain extra lives every three experience levels.


   Skills:
 - Level 3.0 Fighting
 - Level 3.1 Dodging
 - Level 6.6 Stealth
 + Level 3.3 Unarmed Combat


You had one spell level left.
You didn't know any spells.
Your spell library was empty.

Inventory:

Wands
 e - a wand of digging (3)
Scrolls
 a - a scroll of identify {unknown}
Potions
 d - a potion of haste

Dungeon Overview and Level Annotations

Branches:
Dungeon (5/15)
 Temple: D:4-7

Altars:


Message History

You barely miss the bat.
The bat is moderately wounded.
The bat barely misses you. The bat hits you.
You closely miss the bat.
The bat is moderately wounded.
The bat hits you but does no damage. The bat misses you.
You closely miss the bat. The bat closely misses you. The bat hits you.
You scratch the bat.
The bat is moderately wounded.
The bat misses you. The bat misses you. The bat closely misses you.
The bat completely misses you.
You scratch the bat.
You kill the bat!
You start resting.
HP restored.
You now have 29 gold pieces (gained 20).
Items here: ( ))))) [.
a - a scroll labelled HYUMULEZXE An orc wizard comes into view.
It is wielding a +0 dagger.
Enter note:
726 ||| Stepping ~*~*~tactically~*~*~ (hiding).
An orc and an orc priest come into view.
The orc wizard shouts!
The orc shouts!
The orc wizard casts a spell at you. The magic dart hits you!
Ouch! That really hurt!
The orc priest shouts!
You scratch the orc wizard but do no damage.
The orc wizard closely misses you.
You scratch the orc wizard.
The orc wizard is moderately wounded.
The orc wizard completely misses you.
You barely miss the orc wizard.
The orc wizard is moderately wounded.
The orc wizard hits you with a +0 dagger.
The orc hits you with a +0 mace.
You die...

###### #....#
###....+ ###......#
###...#..@o#
##.#.#.#.##oo...#
#...............#
####.##+##.########
#....# #..# #.##.+
+.## #####.#..# #..
.......#.## #.#
.............


You could see an orc priest, an orc wizard and an orc.

Vanquished Creatures
  An adder (D:3)
  A worm (D:3)
  An orc (D:3)
  2 giant cockroaches (D:3)
  2 goblins (D:3)
  A hobgoblin (D:3)
  2 kobolds (D:3)
  2 bats (D:3)
  2 frilled lizards (D:3)
  A rat (D:3)
15 creatures vanquished.

Notes
Turn   | Place    | Note
-------+----------+-------------------------------------------
     0 | D:5      | qw the Felid Delver began the quest for the Orb.
     0 | D:5      | Reached XP level 1. HP: 10/10 MP: 2/2
     0 | D:5      | 0 ||| qw: Version: 0.1-a-89-g26bdef1
     0 | D:5      | 0 ||| qw: Game counter: 59
     0 | D:5      | 0 ||| qw: Always use a shield: true
     0 | D:5      | 0 ||| qw: God list: Okawaru, Trog
     0 | D:5      | 0 ||| qw: Allow faded altars: false
     0 | D:5      | 0 ||| qw: Do Orc after D:15 true
     0 | D:5      | 0 ||| qw: Do second Lair branch before Depths: true
     0 | D:5      | 0 ||| qw: Lair rune preference: random
     0 | D:5      | 0 ||| qw: Plans: Normal
     0 | D:5      | 0 ||| PLANNING D:1-11
     0 | D:5      | 0 ||| DROPPING scroll of fog.
     1 | D:5      | 1 ||| DROPPING scroll of magic mapping.
     2 | D:5      | 2 ||| DROPPING scroll of fear.
    26 | D:4      | 26 ||| Stepping ~*~*~tactically~*~*~ (outnumbered).
    27 | D:4      | 27 ||| STAIRDANCE
   124 | D:3      | 124 ||| Stepping ~*~*~tactically~*~*~ (stealth).
   126 | D:3      | 126 ||| Stepping ~*~*~tactically~*~*~ (stealth).
   128 | D:3      | 128 ||| Stepping ~*~*~tactically~*~*~ (stealth).
   130 | D:3      | 130 ||| Stepping ~*~*~tactically~*~*~ (stealth).
   132 | D:3      | 132 ||| Stepping ~*~*~tactically~*~*~ (stealth).
   133 | D:3      | 133 ||| Stepping ~*~*~tactically~*~*~ (stealth).
   203 | D:3      | 203 ||| Stepping ~*~*~tactically~*~*~ (outnumbered).
   204 | D:3      | 204 ||| Stepping ~*~*~tactically~*~*~ (outnumbered).
   205 | D:3      | 205 ||| Stepping ~*~*~tactically~*~*~ (outnumbered).
   206 | D:3      | HP: 2/10 [goblin/+0 club (3)]
   207 | D:3      | 207 ||| Stepping ~*~*~tactically~*~*~ (outnumbered).
   208 | D:3      | 208 ||| Stepping ~*~*~tactically~*~*~ (outnumbered).
   209 | D:3      | 209 ||| Stepping ~*~*~tactically~*~*~ (outnumbered).
   210 | D:3      | 210 ||| Stepping ~*~*~tactically~*~*~ (outnumbered).
   210 | D:3      | Found a faded altar of an unknown god.
   212 | D:3      | 212 ||| Stepping ~*~*~tactically~*~*~ (outnumbered).
   213 | D:3      | 213 ||| Stepping ~*~*~tactically~*~*~ (outnumbered).
   214 | D:3      | HP: 2/10 [rat (1)]
   224 | D:3      | Reached skill level 3 in Unarmed Combat
   224 | D:3      | Reached XP level 2. HP: 3/14 MP: 3/3
   225 | D:3      | HP: 2/14 [orc/+0 dagger (1)]
   233 | D:3      | HP: 1/14 [frilled lizard (1)]
   236 | D:3      | Reached skill level 3 in Dodging
   311 | D:3      | HP: 3/14 [kobold/stone (1)]
   321 | D:3      | HP: 3/14 [kobold/+0 short sword (1)]
   435 | D:3      | HP: 3/14 [bat (1)]
   726 | D:3      | 726 ||| Stepping ~*~*~tactically~*~*~ (hiding).
   731 | D:3      | HP: 2/14 [orc wizard/+0 dagger (4)]
   731 | D:3      | Slain by an orc

Levels and vault maps discovered:
D:3:      layout_basic, lemuel_zombie_altar_kikubaaqudgha,
          basic_ecumenical_altar, minmay_misc_feat_doors, st_stairs_12
D:4:      layout_basic, grunt_temple_overflow_order_and_chaos_1,
          amcnicky_altar_gilded, mainiacjoe_overflow_divided_tiny,
          hangedman_feature_mirror
D:5:      layout_rooms, minmay_temple_entry_junction

Skill      XL: |  1  2 |
---------------+-------+-----
Unarmed Combat | 3 |  3.3
Dodging        | 3 |  3.1
Fighting       | |  3.0
Stealth        | |  6.6

Action                   || total
-------------------------++-------
Melee: Unarmed           ||    85
       Bite              ||     7
       Punch             ||     1
Armor: Skin              ||     4
Dodge: Dodged            ||    82

Table legend:
 A = Non-vault XP
 B = Vault XP
 C = Vault XP percentage of total XP
 D = Non-vault monster count
 E = Vault monster count
 F = Vault count percentage of total count
                 A         B        C        D         E       F
            +---------+---------+-------+---------+---------+-------
      Total |      39 |       0 |   0.0 |      15 |       0 |   0.0
            +---------+---------+-------+---------+---------+-------
        D:3 |      39 |       0 |   0.0 |      15 |       0 |   0.0
            +---------+---------+-------+---------+---------+-------
